 Dungeon Crawl Stone Soup version 0.32-a0-975-g85d4e5bfdb (webtiles) character file.

Game seed: 10502891760092901353

511 Essalna the Magician (level 6, -3/36 HPs)
             Began as a Deep Elf Fire Elementalist on Apr 19, 2024.
             Slain by a black bear (6 damage)
             ... on level 4 of the Dungeon.
             The game lasted 00:08:21 (4826 turns).

Essalna the Magician (Deep Elf Fire Elementalist)   Turns: 4826, Time: 00:08:21

Health: -3/36      AC:  4    Str: 17    XL:     6   Next: 99%
Magic:  8/16       EV: 11    Int: 22    God:
Gold:   240        SH:  0    Dex: 15    Spells: 13/16 levels left

rFire   . . .        (no weapon)
rCold   . . .        (no shield)
rNeg    . . .        a - +0 robe
rPois   .            t - +1 hat
rElec   .            b - +0 cloak
rCorr   .            (no gloves)
SInv    .            (no boots)
Will    .....        (no amulet)
Stlth   ++           c - +6 ring of strength
HPRegen 0.26/turn    u - +6 ring of strength
MPRegen 0.15/turn

%: no passive effects
@: no status effects
A: no striking features
a: no special abilities


You were on level 4 of the Dungeon.
You visited 1 branch of the dungeon, and saw 4 of its levels.
You also visited: Sewer.

You collected 240 gold pieces.

Inventory:

Armour
 a - a +0 robe (worn)
 b - a +0 cloak (worn)
 t - a +1 hat (worn)
Jewellery
 c - a +6 ring of strength (left hand)
 u - a +6 ring of strength (right hand)
Wands
 q - a wand of flame (23)
Scrolls
 f - a scroll of poison
 i - 3 scrolls of identify
 m - 2 scrolls of revelation
 n - a scroll of blinking
 o - a scroll of teleportation
Potions
 d - a potion of ambrosia {unknown}
 e - 2 potions of curing {unknown}
 g - 3 potions of invisibility {unknown}
 h - a potion of lignification {unknown}
 j - a potion of heal wounds {unknown}
 k - 3 potions of might {unknown}
 l - 2 potions of resistance {unknown}
 v - a potion of cancellation {unknown}


   Skills:
 + Level 2.7 Fighting
 - Level 2.4 Dodging
 - Level 2.4 Stealth
 + Level 5.6 Spellcasting
 + Level 4.1 Conjurations
 + Level 5.1 Fire Magic


You had 13 spell levels left.
You knew the following spells:

 Your Spells              Type           Power      Damage    Failure   Level
a - Foxfire               Conj/Fire      100%       2x1d9     1%          1
b - Scorch                Fire           56%        2d7       1%          2

Your spell library contained the following spells:

 Spells                   Type           Power      Damage    Failure   Level
 Inner Flame              Hex/Fire       17%        N/A       10%         3
 Volatile Blastmotes      Fire/Tloc      34%        2d12      10%         3
 Flame Wave               Conj/Fire      26%        2d8       14%         4
 Call Canine Familiar     Summ           6%         N/A       28%         3
 Sigil of Binding         Hex            6%         N/A       28%         3
 Dimensional Bullseye     Hex/Tloc       3%         N/A       67%         4


Dungeon Overview and Level Annotations

Branches:
Dungeon (4/15)              Sewer (visited)
 Temple: D:4-7

Altars:
Elyvilon
Nemelex Xobeh
Ru
Trog
Zin


Message History

The foxfire hits the black bear.
The black bear is severely wounded.
You conjure some foxfire!
The foxfire hits the black bear.
The black bear is almost dead.
The black bear goes berserk!
You conjure some foxfire!
The foxfire hits the black bear but does no damage.
The black bear is almost dead.
The black bear bites you! The black bear closely misses you.
The black bear claws you but does no damage.
The black bear bites you! The black bear closely misses you.
The black bear claws you.
You are too injured to fight recklessly!
You are too injured to fight recklessly!
You are too injured to fight recklessly!
Casting: Foxfire (safe; 1% risk of failure)
Confirm with . or Enter, or press ? or * to list all spells.
You conjure some foxfire!
The foxfire hits the black bear but does no damage.
The black bear is almost dead.
The black bear bites you but does no damage.
The black bear misses you. The black bear barely misses you.
Casting: Foxfire (safe; 1% risk of failure)
Confirm with . or Enter, or press ? or * to list all spells.
You conjure some foxfire!
The foxfire hits the black bear but does no damage.
The black bear is almost dead.
The black bear bites you. The black bear closely misses you.
The black bear claws you.
* * * LOW HITPOINT WARNING * * *
The black bear bites you.
* * * LOW HITPOINT WARNING * * *
The black bear misses you. The black bear claws you.
* * * LOW HITPOINT WARNING * * *
Casting: Foxfire (safe; 1% risk of failure)
Confirm with . or Enter, or press ? or * to list all spells.
You conjure some foxfire!
The foxfire hits the endoplasm!
You kill the endoplasm!
The black bear bites you.
You die...

**** *** ***,,****
**,****,,,,,,,* ######
*,,,,.,,,,,,,..
#.#.v####....,,,*,,,..
##...#@v......,*,*,,,..
#..#.#.h......**,,,,,..
#..###........**,,,,,..
##..##.....###***,,,,).
#.†###......# **,,##).
##........>..#* *,,*#.).
#####.............##**,,#.#.
#^.§#.........#.......,##.#.
#......##.....#**,.....#.).#


You could see a black bear (berserk, ally target).

Vanquished Creatures
  Blork the orc (D:4)
  A scorpion (D:4)
  A howler monkey (D:4)
  3 jellies
  Ijyb (D:3)
  An orc wizard (D:4)
  Terence (D:3)
  7 adders
  A river rat (Sewer)
  A dart slug (D:4)
  3 ribbon worms
  5 orcs
  12 ball pythons
  4 bats
  13 endoplasms
  6 giant cockroaches
  7 goblins
  3 hobgoblins
  5 quokkas
  8 frilled lizards
  7 kobolds
  18 rats
109 creatures vanquished.

Vanquished Creatures (others)
  500 foxfires
500 creatures vanquished.

Grand Total: 609 creatures vanquished

Notes
Turn   | Place    | Note
-------+----------+-------------------------------------------
     0 | D:1      | Essalna the Deep Elf Fire Elementalist began the quest for
                  | the Orb.
     0 | D:1      | Reached XP level 1. HP: 10/10 MP: 6/6
   662 | D:1      | Reached XP level 2. HP: 15/16 MP: 4/8
  1346 | D:2      | Reached XP level 3. HP: 20/20 MP: 3/10
  1349 | D:2      | Reached skill level 1 in Fighting
  1382 | D:2      | Learned a level 2 spell: Scorch
  2443 | D:3      | Noticed Ijyb
  2595 | D:3      | Killed Ijyb
  2596 | D:3      | Reached XP level 4. HP: 12/25 MP: 3/12
  3257 | D:3      | Found a sacrificial altar of Ru.
  3266 | D:3      | Noticed Terence
  3275 | D:3      | Killed Terence
  3276 | D:3      | Reached XP level 5. HP: 23/29 MP: 3/13
  3353 | D:3      | Found a bloodstained altar of Trog.
  3353 | D:3      | Found a glowing silver altar of Zin.
  3372 | D:3      | Found a sparkling altar of Nemelex Xobeh.
  3375 | D:3      | Found a white marble altar of Elyvilon.
  3447 | D:4      | Noticed Blork the orc
  3456 | D:4      | Killed Blork the orc
  3490 | D:4      | Reached skill level 5 in Spellcasting
  3490 | D:4      | Reached XP level 6. HP: 21/35 MP: 7/15
  3623 | D:4      | Found a glowing drain.
  3627 | Sewer    | Entered a sewer
  4239 | Sewer    | Reached skill level 5 in Fire Magic
  4297 | Sewer    | Found a viscous altar of Jiyva.
  4826 | D:4      | Slain by a black bear

Illustrated notes

Levels and vault maps discovered:
D:1:      dpeg_arrival_rooms_with_view, layout_basic
D:2:      layout_loops_ring, serial_co_window_serial, co_window_paths_b,
          co_window_paths_b, co_window_paths_b, co_window_paths_a,
          co_window_corner_a, co_window_2corner, co_window_broadway_c,
          co_window_corner_cb, glass_columns_c
D:3:      layout_basic, minmay_overflow_temple_star_hex,
          corexii_leaking_fountain, uniq_ijyb, uniq_terence
D:4:      layout_cave_pools, gup_sewer_entry_spiral, uniq_blork_the_orc

Skill      XL: |  1  2  3  4  5  6 |
---------------+-------------------+-----
Fighting       | 1 2 |  2.7
Conjurations   | 2 3 4 |  4.1
Spellcasting   | 4 5 |  5.6
Fire Magic     | 4 5 |  5.1
Dodging        | |  2.4
Stealth        | |  2.4

Action                     |  1- 3 |  4- 6 || total
---------------------------+-------+-------++-------
  Melee: Unarmed           |     8 |     6 ||    14
   Cast: Foxfire           |   116 |   185 ||   301
         Scorch            |     1 |    10 ||    11
    Use: Potion            |       |     1 ||     1
         Scroll            |       |    13 ||    13
   Stab: Sleeping          |     1 |       ||     1
 Armour: Robe              |    15 |    28 ||    43
  Dodge: Dodged            |    11 |    17 ||    28

Table legend: (Time is in decaauts)
 A = Elapsed time spent in this place.
 B = Non-inter-level travel time spent in this place.
 C = Inter-level travel time spent in this place.
 D = Time resting spent in this place.
 E = Time spent auto-exploring this place.
 F = Levels seen in this place.
 G = Mean time per level.
                   A        B        C        D        E       F      G
               +--------+--------+--------+--------+--------+-----+--------+
         Total |   4863 |   4639 |    224 |      0 |   3917 |   5 |  972.6 |
       Dungeon |   4076 |   3852 |    224 |      0 |   3270 |   4 | 1019.0 |
         Sewer |    787 |    787 |      0 |      0 |    647 |   1 |  787.0 |
               +--------+--------+--------+--------+--------+-----+--------+

Top non-repeatable levels by time:
     D:2: 1547 daAuts
     D:1: 947 daAuts
     D:3: 914 daAuts
   Sewer: 787 daAuts
     D:4: 667 daAuts
